 Dungeon Crawl Stone Soup version 0.20.1-1-g8b1a95d (webtiles) character file.

151 dohliylev the Vexing (level 5, -7/35 HPs)
             Began as a Vampire Enchanter on Dec 13, 2017.
             Killed by divine providence
             ... invoked by an orc priest
              (14 damage)
             ... on level 4 of the Dungeon.
             The game lasted 00:07:35 (2880 turns).

dohliylev the Vexing (Vampire Enchanter)            Turns: 2880, Time: 00:07:39

Health: -7/35      AC:  4    Str:  7    XL:     5   Next: 10%
Magic:  1/10       EV: 13    Int: 18    God:
Gold:   119        SH:  0    Dex: 15    Spells: 8/11 levels left

rFire    . . .     SeeInvis +   a - +1 dagger (flame)
rCold    . . .     Gourm    .   (no shield)
rNeg     + . .     Faith    .   b - +0 robe
rPois    .         Spirit   .   (no helmet)
rElec    .         Reflect  .   g - +0 cloak
rCorr    .         Harm     .   j - +0 pair of gloves
MR       .....                  (no boots)
Stlth    +++.......             (no amulet)
Regen    0.2/turn               (no ring)
MPRegen  0.2/turn               (no ring)

@: flying, very slightly contaminated, slowed, very slow
A: fangs 3, see invisible, unbreathing
a: Bat Form


You were on level 4 of the Dungeon.
You were not thirsty.

You visited 1 branch of the dungeon, and saw 4 of its levels.

You collected 119 gold pieces.

Inventory:

Hand Weapons
 a - a +1 dagger of flaming (weapon)
Armour
 b - a +0 robe (worn)
 g - a +0 cloak (worn)
 j - a +0 pair of gloves (worn)
Wands
 s - a wand of random effects (24/48)
Scrolls
 e - 4 scrolls of enchant armour {unknown}
 f - 3 scrolls of identify {unknown}
 i - 3 scrolls of noise {unknown}
 o - a scroll of enchant weapon {unknown}
 p - a scroll of teleportation {unknown}
 q - a scroll of remove curse {unknown}
Potions
 d - 18 potions of blood
 h - a potion of degeneration {unknown}
 k - a potion of flight
 l - a potion of invisibility {unknown}
 m - 2 potions of curing {unknown}
 n - a potion of lignification {unknown}
 r - a potion of brilliance {unknown}
Books
 c - a book of Maledictions

   Spells                             Type                      Level
   a - Corona                         Hexes                        1
   b - Ensorcelled Hibernation        Hexes/Ice                    2
   c - Confuse                        Hexes                        3
   d - Tukima's Dance                 Hexes                        3
   e - Dazzling Spray                 Conjuration/Hexes            3


   Skills:
 - Level 1.1 Short Blades
 - Level 3.1 Dodging
 - Level 4.4 Stealth
 + Level 3.8 Spellcasting
 - Level 4.4 Hexes
 + Level 2.3 Ice Magic


You had 8 spell levels left.
You knew the following spells:

 Your Spells              Type           Power        Failure   Level  Hunger
a - Corona                Hex            ###....      2%          1    None
b - Ensorcelled Hibernat  Hex/Ice        ###...       5%          2    ##.....


Dungeon Overview and Level Annotations

Branches:
Dungeon (4/15)
 Temple: D:4-7

Altars:
Elyvilon
Qazlal
Vehumet
Xom
The Shining One


Innate Abilities, Weirdness & Mutations

You have razor-sharp teeth.
You have supernaturally acute eyesight. (SInv)
You can survive without breathing.


Message History

Aiming: Ensorcelled Hibernation
Press: ? - help, Shift-Dir - straight line, f - gnoll
Aim: a gnoll, wielding a whip (chance to defeat MR: 54%)
The gnoll looks drowsy...
The orc shouts!
The orc closely misses you.
The orc priest hits you but does no damage.
The orc priest closely misses you.
The helpless gnoll fails to defend itself.
You puncture the gnoll! You burn the gnoll.
You kill the gnoll!
The orc priest hits you with a flail!
* * * LOW HITPOINT WARNING * * *
It was a potion of flight.
You feel very buoyant.
You fly up into the air.
The orc wizard closely misses you. The orc closely misses you.
The orc priest invokes the aid of Beogh against you.
Beogh smites you!
You die...

#.# #.# . #.# .# #.#
####.## #.######.......
#........g....o .
#.######go...####o#
#####.# #oooo.......#
#.....# #@# ยง.....#
#.....# #o# ......#
#.....#####)####......#
#..............o.####.
#.....####.....$......[
#####.# #..####.####..
#.#.....# .# ###.....#
.# #.....# .#


You could see 2 orc priests, an orc wizard, 2 gnolls and 4 orcs.

Vanquished Creatures
  An orc wizard (D:4)
  A worker ant (D:4)
  2 adders (D:2)
  A gnoll (D:4)
  2 worms
  A dart slug (D:2)
  2 leopard geckos
  3 orcs
  A giant cockroach (D:1)
  9 goblins
  3 hobgoblins (D:1)
  5 jackals (D:2)
  4 kobolds
  11 bats
  5 frilled lizards
  9 rats
60 creatures vanquished.

Notes
Turn   | Place    | Note
-------+----------+-------------------------------------------
     0 | D:1      | dohliylev the Vampire Enchanter began the quest for the Orb.
     0 | D:1      | Reached XP level 1. HP: 13/13 MP: 3/3
   346 | D:1      | Reached XP level 2. HP: 11/19 MP: 1/5
   357 | D:1      | Learned a level 2 spell: Ensorcelled Hibernation
   779 | D:2      | Reached XP level 3. HP: 13/24 MP: 1/7
  1544 | D:2      | Found a glowing golden altar of the Shining One.
  1545 | D:2      | Found a white marble altar of Elyvilon.
  1811 | D:2      | Reached skill level 1 in Ice Magic
  1826 | D:2      | Reached XP level 4. HP: 30/30 MP: 2/8
  2287 | D:3      | Found a stormy altar of Qazlal.
  2460 | D:3      | Found a shimmering altar of Xom.
  2748 | D:3      | Found a radiant altar of Vehumet.
  2875 | D:4      | Reached XP level 5. HP: 28/35 MP: 2/10
  2880 | D:4      | Killed from afar by an orc priest

Skill      XL: |  1  2  3  4 |
---------------+-------------+-----
Dodging        | 3 |  3.1
Spellcasting   | 3 |  3.8
Ice Magic      | 1 2 |  2.3
Short Blades   | |  1.1
Stealth        | |  4.4
Hexes          | |  4.4

Action                   |  1- 3 |  4- 6 || total
-------------------------+-------+-------++-------
Melee: Dagger            |   102 |    26 ||   128
       Bite              |     2 |     1 ||     3
 Cast: Corona            |     6 |       ||     6
       Ensorcelled Hiber |    19 |     8 ||    27
  Use: Potion            |       |     2 ||     2
 Stab: Sleeping          |    22 |    11 ||    33
  Eat: Corpse            |     5 |     1 ||     6
Armor: Robe              |    23 |     6 ||    29
Dodge: Dodged            |    79 |    25 ||   104
